 Dungeon Crawl Stone Soup version 0.22-a0-305-gd21a89c (webtiles) character file.

2810 xccam the Nimble (level 9, -18/74 HPs)
             Began as a Gnoll Monk on Mar 29, 2018.
             Was an Elder of Okawaru.
             Demolished by an orc warrior
             ... wielding a +0 glaive of protection
              (24 damage)
             ... on level 7 of the Dungeon.
             The game lasted 00:13:15 (5341 turns).

xccam the Nimble (Gnoll Monk)                       Turns: 5341, Time: 00:13:15

Health: -18/74     AC: 10    Str: 17    XL:     9   Next: 72%
Magic:  14/15      EV: 17    Int: 12    God:    Okawaru [****..]
Gold:   302        SH:  0    Dex: 18    Spells: 16/16 levels left

rFire    . . .     SeeInvis .   k - +0 long sword
rCold    + . .     Gourm    .   (no shield)
rNeg     . . .     Faith    .   n - +1 chain mail (curse)
rPois    .         Spirit   .   e - +1 hat {MR+}
rElec    .         Reflect  .   b - +0 cloak
rCorr    .         Harm     .   (no gloves)
MR       +....     Rnd*Tele +   (no boots)
Stlth    ++........             (no amulet)
HPRegen  0.22/turn              j - ring of protection from cold
MPRegen  0.14/turn              (no ring)

@: heroism, corroded
A: distributed training, fangs 1, talons 1, repulsion field 1, teleportitis 1,
strong nose
a: Heroism, Renounce Religion


You were on level 7 of the Dungeon.
You worshipped Okawaru.
Okawaru was greatly pleased with you.
You were not hungry.

You visited 2 branches of the dungeon, and saw 8 of its levels.

You collected 302 gold pieces.

Inventory:

Hand Weapons
 h - a +0 great sword
 k - a +0 long sword (weapon)
Missiles
 f - 2 javelins (quivered)
 x - 8 steel javelins
Armour
 b - a +0 cloak (worn)
 e - a +1 hat of magic resistance (worn)
 i - a +0 plate armour
 n - a cursed +1 chain mail (worn)
Jewellery
 j - a ring of protection from cold (left hand)
 y - an uncursed ring of stealth {unknown}
Wands
 m - a wand of acid (6)
 s - a wand of random effects (34)
 t - a wand of iceblast (7)
Scrolls
 a - a scroll of noise {unknown}
 d - 2 scrolls of fog
 g - 3 scrolls of teleportation {unknown}
 l - a scroll of remove curse
 q - a scroll of fear {unknown}
 u - a scroll of identify
 z - a scroll of summoning {unknown}
Potions
 o - a potion of agility
 r - a potion of heal wounds {unknown}
 v - a potion of flight {unknown}
 w - 3 potions of lignification {unknown}
Comestibles
 c - 8 rations


   Skills:
 + Level 8.0(13.0) Fighting
 + Level 4.4(9.4) Short Blades
 + Level 8.0(13.0) Long Blades
 + Level 4.4(9.4) Axes
 + Level 4.4(9.4) Maces & Flails
 + Level 4.4(9.4) Polearms
 + Level 4.4(9.4) Staves
 + Level 4.4(9.4) Slings
 + Level 4.4(9.4) Bows
 + Level 4.4(9.4) Crossbows
 + Level 4.4(9.4) Throwing
 + Level 4.4(9.4) Armour
 + Level 8.0(13.0) Dodging
 + Level 6.2(11.2) Stealth
 + Level 4.4(9.4) Shields
 + Level 4.4(9.4) Unarmed Combat
 + Level 4.4 Spellcasting
 + Level 3.6 Conjurations
 + Level 3.6 Hexes
 + Level 3.6 Charms
 + Level 3.6 Summonings
 + Level 3.6 Necromancy
 + Level 3.6 Translocations
 + Level 3.6 Transmutations
 + Level 3.6 Fire Magic
 + Level 3.6 Ice Magic
 + Level 3.6 Air Magic
 + Level 3.6 Earth Magic
 + Level 3.6 Poison Magic
 + Level 4.9 Invocations
 + Level 4.4 Evocations


You had 16 spell levels left.
You didn't know any spells.

Dungeon Overview and Level Annotations

Branches:
Dungeon (7/15)             Temple (1/1) D:4

Altars:
Ashenzari
Dithmenos
Fedhas
Gozag
Hepliaklqana
Kikubaaqudgha
Nemelex Xobeh
Okawaru
Qazlal
Ru
Sif Muna
Trog
Uskayaw
Xom
Zin

Shops:
D:6 =


Innate Abilities, Weirdness & Mutations

Your experience applies equally to all skills.
You have very sharp teeth.
Your uncanny sense of smell can sniff out nearby items.
You have sharp toenails.
You are surrounded by a mild repulsion field. (EV +2)
You are occasionally teleported next to monsters.


Message History

The orc warrior barely misses you. The jelly closely misses you.
You riposte.
You hit the jelly. You claw the jelly.
The jelly is heavily wounded.
You completely miss the jelly.
The jelly is heavily wounded.
You slash the jelly! The acid corrodes you!
Your hands burn!
* * * LOW HITPOINT WARNING * * *
You claw the jelly, but do no damage.
The jelly is almost dead.
The jelly misses you.
You riposte.
You hit the jelly.
You kill the jelly!
Okawaru accepts your kill.
The orc warrior hits you from afar with a glaive of protection!
* * * LOW HITPOINT WARNING * * *
You feel better. The orc warrior barely misses you.
Items here: ( ))) [[ †† You hit the orc warrior.
The orc warrior is lightly wounded.
The orc warrior hits you with a glaive of protection!!
You die...

#..........#
........
...........#
.......
...........#
....[..
########..>#
<......
#...####
#......#
#.)....#
#.######(....#
#.....'@######
#######o.......
.........
..........
#..).......
##......... ∆
#.........
#.........


You could see an orc warrior.

Vanquished Creatures
  Pikel (D:6)
  A hippogriff (D:7)
  Sigmund (D:2)
  The ghost of xccam the Fighter, an amateur GnWn (D:3)
  An orc warrior (D:6)
  A sky beast (D:6)
  A black bear (D:7)
  2 ogres
  2 slaves (D:6)
  3 centaurs
  A bullfrog (D:7)
  2 scorpions
  5 killer bees (D:7)
  A howler monkey (D:6)
  A crimson imp (D:5)
  A centaur zombie (D:5)
  A bullfrog zombie (D:7)
  2 jellies
  4 orc wizards
  Crazy Yiuf (D:2)
  An orc priest (D:4)
  Ijyb (D:4)
  2 iguanas
  4 worker ants
  A hound skeleton (D:6)
  Robin (D:2)
  11 adders
  2 oozes
  An adder skeleton (D:5)
  A worm (D:3)
  3 dart slugs
  7 leopard geckos
  17 orcs
  2 bats
  4 giant cockroaches
  16 goblins
  24 hobgoblins
  5 jackals
  6 kobolds
  2 quokkas
  2 ball pythons
  6 frilled lizards
  2 jackal skeletons
  2 quokka skeletons
  A quokka zombie (D:6)
  11 rats
168 creatures vanquished.

Vanquished Creatures (others)
  A slave (D:6)
  A worker ant (D:6)
2 creatures vanquished.

Grand Total: 170 creatures vanquished

Notes
Turn   | Place    | Note
-------+----------+-------------------------------------------
     0 | D:1      | xccam the Gnoll Monk began the quest for the Orb.
     0 | D:1      | Reached XP level 1. HP: 23/23 MP: 1/1
   205 | D:1      | Reached XP level 2. HP: 29/29 MP: 2/2
   425 | D:1      | Reached XP level 3. HP: 26/35 MP: 3/3
  1030 | D:2      | Reached skill level 1 in Invocations
  1207 | D:2      | Noticed Sigmund
  1210 | D:2      | Reached skill level 1 in Short Blades
  1210 | D:2      | Reached skill level 1 in Axes
  1210 | D:2      | Reached skill level 1 in Maces & Flails
  1210 | D:2      | Reached skill level 1 in Polearms
  1210 | D:2      | Reached skill level 1 in Staves
  1210 | D:2      | Reached skill level 1 in Slings
  1210 | D:2      | Reached skill level 1 in Bows
  1210 | D:2      | Reached skill level 1 in Crossbows
  1210 | D:2      | Reached skill level 1 in Throwing
  1210 | D:2      | Reached skill level 1 in Armour
  1210 | D:2      | Reached skill level 1 in Shields
  1210 | D:2      | Reached skill level 1 in Unarmed Combat
  1210 | D:2      | Reached skill level 1 in Spellcasting
  1210 | D:2      | Reached skill level 1 in Evocations
  1217 | D:2      | Killed Sigmund
  1217 | D:2      | Reached skill level 1 in Conjurations
  1217 | D:2      | Reached skill level 1 in Hexes
  1217 | D:2      | Reached skill level 1 in Charms
  1217 | D:2      | Reached skill level 1 in Summonings
  1217 | D:2      | Reached skill level 1 in Necromancy
  1217 | D:2      | Reached skill level 1 in Translocations
  1217 | D:2      | Reached skill level 1 in Transmutations
  1217 | D:2      | Reached skill level 1 in Fire Magic
  1217 | D:2      | Reached skill level 1 in Ice Magic
  1217 | D:2      | Reached skill level 1 in Air Magic
  1217 | D:2      | Reached skill level 1 in Earth Magic
  1217 | D:2      | Reached skill level 1 in Poison Magic
  1217 | D:2      | Reached XP level 4. HP: 31/41 MP: 4/6
  1217 | D:2      | Reached XP level 5. HP: 35/47 MP: 4/7
  1253 | D:2      | Noticed Robin
  1289 | D:2      | Reached XP level 6. HP: 44/53 MP: 8/8
  1305 | D:2      | Killed Robin
  1553 | D:2      | Found a runed door.
  1655 | D:2      | Noticed Crazy Yiuf
  1659 | D:2      | Killed Crazy Yiuf
  1790 | D:3      | Noticed xccam's ghost (amateur GnWn)
  1854 | D:3      | HP: 2/53 [xccam's ghost (8)]
  2233 | D:3      | Gained mutation: You are occasionally teleported next to monsters. [potion of mutation]
  2233 | D:3      | Gained mutation: You have sharp toenails. [potion of mutation]
  2233 | D:3      | Gained mutation: You are surrounded by a mild repulsion field. (EV +2) [potion of mutation]
  2277 | D:3      | Killed xccam's ghost
  2277 | D:3      | Reached XP level 7. HP: 30/59 MP: 8/10
  2468 | D:3      | Noticed a moth of wrath
  2471 | D:3      | Found a bloodstained altar of Trog.
  2773 | D:3      | Found a sacrificial altar of Ru.
  2934 | D:4      | Found a staircase to the Ecumenical Temple.
  2952 | Temple   | Entered the Ecumenical Temple
  2965 | Temple   | Became a worshipper of Warmaster Okawaru
  2965 | Temple   | Reached * piety under Okawaru
  2965 | Temple   | Reached ** piety under Okawaru
  2998 | D:4      | Noticed Ijyb
  3000 | D:4      | Found an opulent altar of Gozag.
  3026 | D:4      | Killed Ijyb
  3289 | D:4      | Reached skill level 5 in Stealth
  3457 | D:4      | Reached XP level 8. HP: 61/67 MP: 12/12
  3783 | D:5      | Entered Level 5 of the Dungeon
  4295 | D:5      | Found a hide-covered altar of Uskayaw.
  4569 | D:6      | Found a shadowy altar of Dithmenos.
  4640 | D:6      | Found Lethrykko's Jewellery Boutique.
  4652 | D:6      | Reached *** piety under Okawaru
  4687 | D:6      | Found a shimmering altar of Xom.
  4687 | D:6      | Found a shimmering altar of Xom.
  4687 | D:6      | Found a shimmering altar of Xom.
  4687 | D:6      | Found a shimmering altar of Xom.
  4805 | D:6      | Noticed Pikel
  4842 | D:6      | Killed Pikel
  4842 | D:6      | Received a gift from Okawaru
  4842 | D:6      | Reached XP level 9. HP: 67/73 MP: 14/14
  4861 | D:6      | Found a sacrificial altar of Ru.
  4962 | D:6      | Found a shimmering altar of Xom.
  5132 | D:7      | Found a shattered altar of Ashenzari.
  5182 | D:7      | Reached **** piety under Okawaru
  5303 | D:7      | Received a gift from Okawaru
  5338 | D:7      | HP: 1/74 [orc warrior/glaive of protection (8)]
  5341 | D:7      | Demolished by an orc warrior

Vault maps used:
D:1:      kennysheep_arrival_forest
D:2:      minmay_goblin_kobold_house, uniq_robin, uniq_crazy_yiuf_cottage,
          uniq_sigmund
D:3:      tgw_trog, nicolae_ru_path_of_blood
D:4:      nicolae_gozag_seed_capital, minmay_temple_entry_statues_pillars,
          first_ration, uniq_ijyb
D:5:      corexii_shack_village, overflow_temple_1_default, sigmund_army
D:6:      lemuel_doored_altar, marbit_many_paths, serial_shops,
          nicolae_shop_statue_plus, xom_redecorated, uniq_pikel
D:7:      kennysheep_mini, basic_altar, roderic_serpentine_path,
          grunt_ministairs_5, cheibrodos_ashenzari_chains
Temple:   eino_wide_crystal_templ

Skill      XL: |  1  2  3  4  5  6  7  8  9 |
---------------+----------------------------+-----
Invocations    | 1 2 3 4 |  4.9
Short Blades   | 1 2 3 4 |  4.4
Axes           | 1 2 3 4 |  4.4
Maces & Flails | 1 2 3 4 |  4.4
Polearms       | 1 2 3 4 |  4.4
Staves         | 1 2 3 4 |  4.4
Slings         | 1 2 3 4 |  4.4
Bows           | 1 2 3 4 |  4.4
Crossbows      | 1 2 3 4 |  4.4
Throwing       | 1 2 3 4 |  4.4
Armour         | 1 2 3 4 |  4.4
Shields        | 1 2 3 4 |  4.4
Unarmed Combat | 1 2 3 4 |  4.4
Spellcasting   | 1 2 3 4 |  4.4
Evocations     | 1 2 3 4 |  4.4
Conjurations   | 1 2 3 |  3.6
Hexes          | 1 2 3 |  3.6
Charms         | 1 2 3 |  3.6
Summonings     | 1 2 3 |  3.6
Necromancy     | 1 2 3 |  3.6
Translocations | 1 2 3 |  3.6
Transmutations | 1 2 3 |  3.6
Fire Magic     | 1 2 3 |  3.6
Ice Magic      | 1 2 3 |  3.6
Air Magic      | 1 2 3 |  3.6
Earth Magic    | 1 2 3 |  3.6
Poison Magic   | 1 2 3 |  3.6
Fighting       | 7 8 |  8.0
Long Blades    | 7 8 |  8.0
Dodging        | 7 8 |  8.0
Stealth        | 5 6 |  6.2

Action                   |  1- 3 |  4- 6 |  7- 9 || total
-------------------------+-------+-------+-------++-------
Melee: Falchion          |   103 |   164 |    39 ||   306
       Bite              |    10 |    33 |    60 ||   103
       Kick              |       |    26 |   151 ||   177
       Punch             |       |     2 |     2 ||     4
       Long sword        |       |       |   308 ||   308
Invok: Heroism           |       |       |     3 ||     3
  Use: Scroll            |       |     5 |       ||     5
       Potion            |       |     2 |     2 ||     4
 Stab: Sleeping          |     3 |     1 |       ||     4
       Distracted        |       |     1 |       ||     1
  Eat: Chunk             |     1 |     1 |     8 ||    10
       Ration            |       |     1 |     1 ||     2
Armor: Leather armour    |     8 |     7 |       ||    15
       Robe              |     1 |       |       ||     1
       Chain mail        |       |    59 |   138 ||   197
Dodge: Dodged            |    84 |    84 |   227 ||   395
       Rpst.: Falchion   |    22 |    30 |     6 ||    58
       Long sword        |       |       |    53 ||    53

Table legend:
 A = Spawn XP
 B = Non-spawn XP
 C = Spawn XP percentage of total XP
 D = Spawn monster count
 E = Non-spawn monster count
 F = Spawn count percentage of total count
 G = Total turns spent on level
                    A         B        C        D         E        F      G
               +---------+---------+-------+---------+---------+-------+---------
         Total |       0 |    4015 |   0.0 |       0 |     166 |   0.0 |  5341
               +---------+---------+-------+---------+---------+-------+---------
           D:1 |       0 |      39 |   0.0 |       0 |      19 |   0.0 |   783
           D:2 |       0 |     367 |   0.0 |       0 |      35 |   0.0 |  1213
           D:3 |       0 |     400 |   0.0 |       0 |      30 |   0.0 |   828
           D:4 |       0 |     429 |   0.0 |       0 |      21 |   0.0 |   933
           D:5 |       0 |     268 |   0.0 |       0 |      24 |   0.0 |   680
           D:6 |       0 |    1269 |   0.0 |       0 |      18 |   0.0 |   626
           D:7 |       0 |    1243 |   0.0 |       0 |      19 |   0.0 |   252
               +---------+---------+-------+---------+---------+-------+---------
